 Dungeon Crawl Stone Soup version 0.29-a0-542-g075992c915 (console) character file.

Game seed: 15678001850672926792

36 om the Digger (level 3, -4/19 HPs)
             Began as a Gargoyle Earth Elementalist on June 3, 2022.
             Slain by a gnoll
             ... wielding a +0 club
              (7 damage)
             ... on level 2 of the Dungeon.
             The game lasted 00:04:54 (1551 turns).

om the Digger (Gargoyle Earth Elementalist)         Turns: 1551, Time: 00:04:55

Health: -4/19      AC:  5    Str: 13    XL:     3   Next: 37%
Magic:  2/6        EV: 12    Int: 15    God:
Gold:   44         SH:  0    Dex: 10    Spells: 5/6 levels left

rFire   . . .      SeeInvis .   f - +0 club
rCold   . . .      Faith    .   (no shield)
rNeg    + . .      Spirit   .   b - +0 robe
rPois   ∞          Reflect  .   (no helmet)
rElec   +          Harm     .   (no cloak)
rCorr   .          Rampage  .   (no gloves)
Will    .....                   (no boots)
Stlth   ++........              (no amulet)
HPRegen 0.06/turn               (no ring)
MPRegen 0.10/turn               (no ring)

@: invisible
A: sickness immunity, AC +3, negative energy resistance 1, electricity
resistance, torment resistance 1, petrification resistance
a: no special abilities


You were on level 2 of the Dungeon.
You visited 1 branch of the dungeon, and saw 2 of its levels.

You collected 44 gold pieces.

Inventory:

Hand Weapons
 f - a +0 club (weapon)
Missiles
 a - 71 stones
Armour
 b - a +0 robe (worn)
Potions
 c - a potion of magic
 d - a potion of haste {unknown}
 e - a potion of heal wounds {unknown}
 g - a potion of invisibility
 h - 3 potions of curing


   Skills:
 * Level 2.1 Dodging
 + Level 2.6 Stealth
 + Level 2.2 Spellcasting
 + Level 1.2 Transmutations
 + Level 3.9 Earth Magic


You had 5 spell levels left.
You knew the following spells:

 Your Spells              Type           Power      Damage    Failure   Level
a - Sandblast             Erth           26%        2d8       4%          1

Your spell library contained the following spells:

 Spells                   Type           Power      Damage    Failure   Level
 Passwall                 Tmut/Erth      7%         N/A       11%         2
 Stone Arrow              Conj/Erth      14%        3d7       28%         3
 Gell's Gravitas          Tloc           1%         N/A       54%         3
 Teleport Other           Tloc           1%         N/A       54%         3
 Petrify                  Tmut/Erth      9%         N/A       58%         4
 Dispersal                Tloc           0%         N/A       100%        6


Dungeon Overview and Level Annotations

Branches:
Dungeon (2/15)

Altars:
Zin


Innate Abilities, Weirdness & Mutations

You are immune to sickness and miasma.
Your stone body is resilient. (AC +3)
You are immune to poison.
You resist negative energy. (rN+)
You are resistant to electric shocks. (rElec)
You are resistant to unholy torment.
You are immune to petrification.


Message History

The gnoll shouts!
You hear a shout!
A gnoll comes into view. It is wielding a +0 flail.
Found a stone staircase leading down.
Found a glowing silver altar of Zin.
Aiming: Sandblast (safe; 4% risk of failure)
Press: ? - help, Q - select action, (/) - cycle Shift-Dir - straight line, f - gnoll
Aim: a gnoll, wielding a +0 club (82% to hit)
The blast of sand misses the gnoll.
The adder hisses angrily.
Aiming: Sandblast (safe; 4% risk of failure)
Press: ? - help, Q - select action, (/) - cycle Shift-Dir - straight line, f/p - gnoll
Aim: a gnoll, wielding a +0 club (82% to hit)
The blast of sand hits the gnoll!
The gnoll is heavily wounded.
You barely miss the gnoll.
The gnoll is heavily wounded.
The gnoll misses you.
Aiming: Sandblast (safe; 4% risk of failure)
Press: ? - help, Q - select action, (/) - cycle Shift-Dir - straight line, f/p - gnoll
Aim: a gnoll, wielding a +0 club (heavily wounded, 82% to hit)
The blast of sand hits the gnoll.
The gnoll is severely wounded.
The gnoll barely misses you.
Aiming: Sandblast (safe; 4% risk of failure)
Press: ? - help, Q - select action, (/) - cycle Shift-Dir - straight line, f/p - gnoll
Aim: a gnoll, wielding a +0 club (severely wounded, 82% to hit)
The blast of sand misses the gnoll.
The adder closely misses you. The gnoll closely misses you.
Unknown command.
You hit the gnoll.
The gnoll is almost dead.
The adder bites you. The gnoll hits you with a +0 club.
The adder barely misses you. The gnoll hits you with a +0 club!
* * * LOW HITPOINT WARNING * * *
The gnoll attacks as you move away! The gnoll barely misses you.
The adder attacks as you move away! The adder completely misses you.
It was a potion of invisibility.
You fade into invisibility!
The adder barely misses you. x2; The gnoll hits you with a +0 club!
You die...

,,,,,,***,............##,.....,,,
,,,,,,***#.............##....#,,,
,,,,,,**,..................#***##
********,.......#..........# #.
*,,,* *,,,......##........>#####.
*,,,* *,,,............#....#.....
*,,,***,,,,,.#........#....#.####
*,,,,,,,,,,,,#..S.....#..g.#.##..
*,,,,,,,,,,,,#..@g.####....#.##..
*,,,,,,,,,,,,#.....# #...........
***,,,,,,,,,,#.....# #..........#
*,,,,,,,,,.....### #..........#
*,,,,,,,*#.....# #..........#
***,,,,,*#.....# #..........#
*,,,,,*#.....# #..........#
*,,,,,*####### #.....#.####
*,,,,,*###############.#.####


You could see a gnoll (can't see you) and an adder (can't see you).

Vanquished Creatures
  A dart slug (D:1)
  A ball python (D:2)
  2 endoplasms (D:1)
  A giant cockroach (D:1)
  3 goblins
  3 hobgoblins (D:1)
  7 jackals (D:1)
  3 kobolds (D:1)
  A quokka (D:1)
  2 bats (D:1)
  A frilled lizard (D:1)
  4 rats
29 creatures vanquished.

Notes
Turn   | Place    | Note
-------+----------+-------------------------------------------
     0 | D:1      | om the Gargoyle Earth Elementalist began the quest for the
                  | Orb.
     0 | D:1      | Reached XP level 1. HP: 10/10 MP: 3/3
   278 | D:1      | Reached skill level 1 in Transmutations
   278 | D:1      | Reached XP level 2. HP: 15/15 MP: 3/5
   608 | D:1      | Reached XP level 3. HP: 14/19 MP: 3/6
  1541 | D:2      | Found a glowing silver altar of Zin.
  1551 | D:2      | Slain by a gnoll

Illustrated notes

Levels and vault maps discovered:
D:1:      dpeg_arrival_rooms_with_view, layout_rooms, roderic_serpentine_path,
          skrybe_limestone_x
D:2:      layout_basic, basic_altar, chequers_ecumenical_altar_simple_redux

Skill      XL: |  1  2 |
---------------+-------+-----
Transmutations | 1 |  1.2
Dodging        | 2 |  2.1
Stealth        | |  2.6
Spellcasting   | |  2.2
Earth Magic    | |  3.9

Action                   || total
-------------------------++-------
Melee: Unarmed           ||     7
       Club              ||    53
 Cast: Sandblast         ||    27
  Use: Scroll            ||     2
       Potion            ||     1
 Stab: Sleeping          ||     2
Armor: Robe              ||    31
Dodge: Dodged            ||    60

Table legend: (Time is in decaauts)
 A = Elapsed time spent in this place.
 B = Non-inter-level travel time spent in this place.
 C = Inter-level travel time spent in this place.
 D = Time resting spent in this place.
 E = Time spent auto-exploring this place.
 F = Levels seen in this place.
 G = Mean time per level.
                   A        B        C        D        E       F      G
               +--------+--------+--------+--------+--------+-----+--------+
         Total |   1566 |   1542 |     24 |    283 |    942 |   2 |  783.0 |
       Dungeon |   1566 |   1542 |     24 |    283 |    942 |   2 |  783.0 |
               +--------+--------+--------+--------+--------+-----+--------+

Top non-repeatable levels by time:
     D:1: 1290 daAuts
     D:2: 275 daAuts
